 Dungeon Crawl Stone Soup version 0.31.0-1-g2c135a0 (webtiles) character file.

Game seed: 10825073550450701718

1851 alkersh the Cudgeller (level 8, 0/80 HPs)
             Began as a Troll Berserker on Jan 26, 2024.
             Was an Elder of Trog.
             Succumbed to a hornet's poison
             ... while paralysed by a hornet
             ... on level 7 of the Dungeon.
             The game lasted 01:09:14 (5210 turns).

alkersh the Cudgeller (Troll Berserker)             Turns: 5210, Time: 01:09:15

Health: 0/80       AC:  6    Str: 28    XL:     8   Next: 88%
Magic:  7/7        EV:  1    Int:  3    God:    Trog [****..]
Gold:   210        SH:  0    Dex:  9    Spells: 7/7 levels left

rFire   + .          .
                       - Unarmed
rCold   . . .        (no shield)
rNeg    . . .        C - +2 robe {rF+}
rPois   .            (helmet restricted)
rElec   .            (no cloak)
rCorr   .            (gloves unavailable)
SInv    .            (boots unavailable)
Will    ++...        e - amulet of reflection
Stlth   +            (no ring)
HPRegen 2.13/turn    (no ring)
MPRegen 0.10/turn

%: reflection
@: paralysed, lethally poisoned (0 -> -7), strong-willed, regenerating, slowed
A: large, unfitting armour, claws 3, regeneration 1, shaggy fur 1, tough skin 1
a: Renounce Religion, Berserk, Trog's Hand, Brothers in Arms


You were on level 7 of the Dungeon.
You worshipped Trog.
Trog was greatly pleased with you.
You visited 1 branch of the dungeon, and saw 7 of its levels.

You collected 210 gold pieces.

Inventory:

Hand Weapons
 d - a +0 long sword of holy wrath
 f - a +0 spear of freezing
 n - a +0 dagger
 s - a +2 whip of holy wrath
 y - a +0 orcbow
 A - a +0 mace
 F - a +0 giant club
 I - a +0 trident
 L - a +0 sling
 R - a +4 whip
Missiles
 h - 7 boomerangs (quivered)
 q - 6 javelins
 r - 6 poisoned darts
 t - 84 stones
 K - 6 curare-tipped darts
Armour
 a - a +0 animal skin
 x - a +0 kite shield
 C - a +2 robe of fire resistance (worn)
 G - a +0 leather armour of willpower
 M - a +0 ring mail
 Q - a +1 robe of fire resistance
 W - the +4 ring mail of the Volcano {Will+}
   (You found it on level 6 of the Dungeon)

   Will+:     It increases your willpower.
Jewellery
 e - an amulet of reflection (around neck)
 v - a ring of wizardry
 z - a ring of flight
Wands
 m - a wand of quicksilver (10)
 H - a wand of flame (63)
Scrolls
 c - 5 scrolls of identify {unknown}
 g - 4 scrolls of teleportation {unknown}
 i - a scroll of fear {unknown}
 k - a scroll of immolation {unknown}
 l - 2 scrolls of noise {unknown}
 o - a scroll of summoning {unknown}
 p - 3 scrolls of poison {unknown}
 u - 2 scrolls of amnesia {unknown}
 E - a scroll of fog {unknown}
Potions
 b - a potion of berserk rage {unknown}
 j - 2 potions of heal wounds {unknown}
 w - a potion of ambrosia
 N - 2 potions of might {unknown}
 O - a potion of brilliance {unknown}
 P - a potion of haste {unknown}
 T - 5 potions of degeneration
 U - 2 potions of curing {unknown}
 V - a potion of attraction {unknown}


   Skills:
 + Level 5.0 Fighting
 + Level 5.7 Maces & Flails
 + Level 5.1 Dodging
 + Level 0.6 Stealth
 + Level 2.6 Shields
 + Level 5.5 Unarmed Combat


You had 7 spell levels left.
You didn't know any spells.
Your spell library contained the following spells:

 Spells                   Type           Power      Damage    Failure   Level
 Apportation              Tloc           0%         N/A       52%         1
 Call Imp                 Summ           0%         N/A       67%         2
 Jinxbite                 Hex            0%         N/A       67%         2
 Sublimation of Blood     Necr           0%         N/A       67%         2
 Alistair's Intoxication  Alch           0%         N/A       100%        5
 Summon Hydra             Summ           0%         N/A       100%        7


Dungeon Overview and Level Annotations

Branches:
Dungeon (7/15)
 Temple: D:4-7

Altars:
Yredelemnul

Shops:
D:3 *


Innate Abilities, Weirdness & Mutations

You are too large for most types of armour.
You have claws for hands.
Your natural rate of healing is unusually fast.
You are covered in fur. (AC +1)
You have tough skin. (AC +1)


Message History

You feel yourself slow down.
You feel yourself speed up.
You feel very sick. The hornet attacks as it pursues you!
The hornet stings you.
You are more poisoned.
You suddenly lose the ability to move!
The orc wizard mumbles some strange words.
The orc wizard flickers and vanishes!
Deactivating autopickup; reactivate with Ctrl-A.
The hornet stings you.
You are more poisoned.
You feel yourself slow down.
You feel extremely sick. The hornet completely misses you.
An orc wizard comes into view. It is wielding a +0 dagger of venom.
The hornet stings you!
You are more poisoned.
You feel as though you will be slow longer.
You can move again.
You claw the hornet!
The hornet is heavily wounded.
You feel extremely sick. The hornet barely misses you.
The hornet closely misses you.
You closely miss the hornet. Your claw misses the hornet.
The hornet is heavily wounded.
You feel extremely sick.
The hornet stings you but does no damage.
An orc comes into view. It is wielding a +0 club.
The hornet stings you but does no damage.
Your skin crawls.
You feel strong-willed.
You feel extremely sick.
The orc shouts!
The hornet stings you!
* * * LOW HITPOINT WARNING * * *
You are more poisoned.
You suddenly lose the ability to move!
The hornet stings you!
* * * LOW HITPOINT WARNING * * *
You feel as though you will be slow longer.
You die...

.........................
...........................
............................
............................
............................
............................
..........†.................
............................
................@yo..o......
................o.o.[.......
............................
............................
............................
..........................?.
............................
........................?...
...............


You could see a hornet, an orc wizard and 3 orcs.

Vanquished Creatures
  Prince Ribbit (D:5)
  Eustachio (D:5)
  A water moccasin (D:6)
  A black bear (D:6)
  2 ogres
  A centaur (D:6)
  A kobold brigand (D:5)
  Blork the orc (D:5)
  2 bullfrogs
  A gnoll sergeant (D:6)
  2 scorpions
  A bombardier beetle (D:5)
  2 hounds
  A jelly (D:6)
  3 orc priests (D:4)
  Ijyb (D:5)
  3 iguanas
  4 orc wizards (D:4)
  6 gnolls
  6 adders
  A river rat (D:3)
  2 dart slugs
  4 ribbon worms
  6 orcs
  7 endoplasms
  7 giant cockroaches
  5 goblins
  8 hobgoblins
  10 jackals
  11 kobolds
  4 quokkas
  9 ball pythons
  9 bats
  3 frilled lizards
  5 rats
132 creatures vanquished.

Notes
Turn   | Place    | Note
-------+----------+-------------------------------------------
     0 | D:1      | alkersh the Troll Berserker began the quest for the Orb.
     0 | D:1      | Reached XP level 1. HP: 22/22 MP: 0/0
   244 | D:1      | Reached XP level 2. HP: 28/29 MP: 1/1
   387 | D:1      | Reached XP level 3. HP: 36/36 MP: 2/2
  1590 | D:2      | Reached ** piety under Trog
  1890 | D:3      | Reached XP level 4. HP: 33/44 MP: 3/3
  1934 | D:3      | Found Adofaxec's Assorted Antiques.
  2143 | D:3      | Reached skill level 1 in Maces & Flails
  2180 | D:3      | Found a glowing drain.
  2245 | D:3      | Reached XP level 5. HP: 53/53 MP: 4/4
  2811 | D:4      | Reached *** piety under Trog
  3144 | D:4      | Reached XP level 6. HP: 56/61 MP: 5/5
  3162 | D:4      | Found a basalt altar of Yredelemnul.
  3645 | D:5      | Entered Level 5 of the Dungeon
  3740 | D:5      | Noticed Prince Ribbit
  3756 | D:5      | Killed Prince Ribbit
  3757 | D:5      | Reached XP level 7. HP: 25/68 MP: 6/6
  3813 | D:5      | Noticed Blork the orc
  3829 | D:5      | Killed Blork the orc
  3997 | D:5      | Noticed Eustachio
  4009 | D:5      | Killed Eustachio
  4064 | D:5      | Reached skill level 5 in Maces & Flails
  4064 | D:5      | Reached XP level 8. HP: 53/79 MP: 7/7
  4299 | D:5      | Noticed Ijyb
  4316 | D:5      | Killed Ijyb
  4407 | D:6      | Reached skill level 1 in Shields
  4477 | D:6      | Identified the +4 ring mail of the Volcano {Will+}
  4842 | D:6      | Reached skill level 5 in Unarmed Combat
  5079 | D:6      | Reached **** piety under Trog
  5146 | D:7      | Reached skill level 5 in Dodging
  5191 | D:7      | Reached skill level 5 in Fighting
  5199 | D:7      | Noticed a hornet
  5205 | D:7      | Paralysed by a hornet for 2 turns
  5209 | D:7      | Paralysed by a hornet for 2 turns
  5209 | D:7      | HP: 3/80 [hornet (8)]
  5210 | D:7      | Succumbed to a hornet's poison

Illustrated notes

Levels and vault maps discovered:
D:1:      shiori_arrival_elements, layout_basic
D:2:      kennysheep_six_static_rooms, layout_loops_corners, glass_columns_a
D:3:      layout_loops_ring, mainiacjoe_sewer_entry_somewhere_in_here_2,
          serial_shops, nicolae_shop_stone, amcnicky_mini_corridor_feature
D:4:      layout_basic, mainiacjoe_overflow_catwalk,
          chequers_serial_rivers_micro_a, corexii_checkpoint, kennysheep_path_1
D:5:      layout_basic, blue_anna_alchemist, uniq_ijyb, uniq_prince_ribbit1,
          uniq_eustachio, uniq_blork_the_orc
D:6:      layout_basic
D:7:      layout_gridville, xom_teletrap_fun, minmay_temple_entry_large_hall,
          uniq_menkaure

Skill      XL: |  1  2  3  4  5  6  7  8 |
---------------+-------------------------+-----
Unarmed Combat | 4 5 |  5.5
Dodging        | 3 4 5 |  5.1
Fighting       | 3 4 5 |  5.0
Maces & Flails | 1 2 4 5 |  5.7
Shields        | 2 |  2.6
Stealth        | |  0.6

Action                     |  1- 3 |  4- 6 |  7- 9 || total
---------------------------+-------+-------+-------++-------
  Melee: Unarmed           |    49 |       |    86 ||   135
         Punch             |     3 |     3 |     6 ||    12
         Whip              |    37 |   259 |    70 ||   366
 Invoke: Trog's Hand       |       |       |     1 ||     1
 Armour: Animal skin       |    57 |   125 |       ||   182
         Robe              |       |    37 |   113 ||   150
  Dodge: Dodged            |    37 |   119 |    62 ||   218
  Block: Other             |       |     6 |    27 ||    33
